 Dungeon Crawl Stone Soup version 0.29.1-12-g30fa7ad0bf (webtiles) character file.

Game seed: 9627565660241200321

63 cheesebisquit the Trooper (level 3, -5/51 HPs)
             Began as a Minotaur Berserker on Dec 12, 2022.
             Was a Believer of Trog.
             Slain by an ogre
             ... wielding a +0 giant spiked club
              (28 damage)
             ... on level 3 of the Dungeon.
             The game lasted 00:06:02 (2253 turns).

cheesebisquit the Trooper (Minotaur Berserker)      Turns: 2253, Time: 00:06:02

Health: -5/51      AC:  9    Str: 23    XL:     3   Next: 89%
Magic:  2/2        EV:  8    Int:  4    God:    Trog [**....]
Gold:   100        SH:  0    Dex:  9    Spells: 2/2 levels left

rFire   . . .      SeeInvis .   a - +0 hand axe
rCold   . . .      Faith    .   (no shield)
rNeg    . . .      Spirit   .   o - +0 chain mail
rPois   .          Reflect  .   (helmet restricted)
rElec   .          Harm     .   (no cloak)
rCorr   .          Rampage  .   (no gloves)
Will    .....                   (no boots)
Stlth   ..........              g - amulet of magic regeneration
HPRegen 0.17/turn               (no ring)
MPRegen 0.48/turn               (no ring)

@: berserking, quick
A: horns 2, retaliatory headbutt
a: Renounce Religion, Berserk, Trog's Hand


You were on level 3 of the Dungeon.
You worshipped Trog.
Trog was pleased with you.
You visited 1 branch of the dungeon, and saw 3 of its levels.

You collected 100 gold pieces.

Inventory:

Hand Weapons
 a - a +0 hand axe (weapon)
Missiles
 i - 6 poisoned darts (quivered)
 l - 7 stones
Armour
 b - a +0 animal skin
 e - a +0 ring mail
 o - a +0 chain mail (worn)
Jewellery
 g - an amulet of magic regeneration (around neck)
Wands
 p - a wand of paralysis (6)
Scrolls
 h - a scroll of butterflies {unknown}
 k - a scroll of identify {unknown}
 m - a scroll of enchant weapon {unknown}
 n - a scroll of enchant armour {unknown}
Potions
 c - a potion of attraction {unknown}
 d - a potion of degeneration {unknown}
 f - a potion of mutation {unknown}
 j - 2 potions of brilliance {unknown}


   Skills:
 + Level 4.3 Fighting
 + Level 4.2 Axes
 + Level 3.2 Armour
 + Level 3.0 Dodging


You had 2 spell levels left.
You didn't know any spells.
Your spell library was empty.

Dungeon Overview and Level Annotations

Branches:
Dungeon (3/15)

Altars:


Innate Abilities, Weirdness & Mutations

You have a pair of horns on your head.
You reflexively headbutt those who attack you in melee.


Message History

Your unstable footing causes you to fumble your attack.
An endoplasm comes into view.
The goblin completely misses you. You furiously retaliate!
You headbutt the goblin!
You kill the goblin!
Trog accepts your kill.
You hear a splash.
Your unstable footing causes you to fumble your attack.
The endoplasm quivers.
The endoplasm freezes you.
You are frozen.
You barely miss the endoplasm.
The endoplasm hits you but does no damage.
You hit the endoplasm. You headbutt the endoplasm.
You kill the endoplasm!
Trog accepts your kill.
A red film seems to cover your vision as you go berserk!
You feel yourself moving faster!
You feel mighty!
The ogre hits you with a +0 giant spiked club!
The goblin hits you but does no damage.
You slash the ogre!
The ogre is heavily wounded.
You barely miss the goblin. You hit the ogre. Your headbutt misses the ogre.
The ogre is severely wounded.
You hit the goblin.
The ogre hits you with a +0 giant spiked club.
The goblin splashes around in the water.
You barely miss the ogre. Your headbutt misses the ogre.
The ogre is severely wounded.
You slash the goblin!
You kill the goblin!
Trog accepts your kill.
You hear a splash. x3
Your Dodging skill increases to level 3!
You hit the ogre.
The ogre is almost dead.
The ogre hits you with a +0 giant spiked club!!
Ouch! That really hurt!
You die...

.~ #.# ...
###♣~~#######.# #.# .
.~~~~♣.......# #.#
..#♣~P~~.......# #.#
...P~~~♣♣###...###.#..
...~~~J~♣.....)....#.#
...~~~~~~.######.###.#
~..~~≈≈O~.# #.###.#
~..~~~≈@|♣# #...#.#
~..~~~≈g≈~~# ####...#
~...~~~~~~♣####......#
~..~~~~≈~♣♣......#...###
~...~~~~~~♣#######.#....
~..~.~~~~P~ ...#.##.
~~..~~~~~~♣ #####.##.
~~.~~~~♣~~# #.##. #.###


You could see an ogre, an endoplasm and a hobgoblin.

Vanquished Creatures
  3 adders
  A dart slug (D:2)
  An orc (D:3)
  4 ball pythons
  4 bats
  4 endoplasms
  A giant cockroach (D:1)
  4 goblins
  3 hobgoblins
  2 kobolds
  2 quokkas
  2 rats (D:1)
31 creatures vanquished.

Vanquished Creatures (others)
  19 plants (D:3)
19 creatures vanquished.

Grand Total: 50 creatures vanquished

Notes
Turn   | Place    | Note
-------+----------+-------------------------------------------
     0 | D:1      | cheesebisquit the Minotaur Berserker began the quest for
                  | the Orb.
     0 | D:1      | Reached XP level 1. HP: 19/19 MP: 0/0
   365 | D:1      | Found a faded altar of an unknown god.
   430 | D:1      | Reached XP level 2. HP: 27/27 MP: 1/1
  1601 | D:2      | Reached XP level 3. HP: 31/33 MP: 2/2
  2156 | D:3      | Reached ** piety under Trog
  2242 | D:3      | Noticed an ogre
  2253 | D:3      | Slain by an ogre

Illustrated notes

Levels and vault maps discovered:
D:1:      heliophobic_arrival_glass_houses, layout_basic,
          chequers_ecumenical_altar_island
D:2:      layout_basic
D:3:      layout_basic, serial_bayou_ford_a

Skill      XL: |  1  2  3 |
---------------+----------+-----
Fighting       | 4 |  4.3
Axes           | 4 |  4.2
Armour         | 3 |  3.2
Dodging        | 3 |  3.0

Action                   || total
-------------------------++-------
Melee: Hand axe          ||    69
       Headbutt          ||     8
Invok: Berserk           ||     1
Armor: Animal skin       ||     1
       Ring mail         ||     8
       Chain mail        ||     6
Dodge: Dodged            ||    33
